 Dungeon Crawl Stone Soup version 0.31-b1-12-gca42e3d1b8 (webtiles) character file.

Game seed: 3019089886231116168

185 hawla the Changeling (level 5, -3/37 HPs)
             Began as a Merfolk Shapeshifter on Jan 15, 2024.
             Slain by an orc
             ... wielding a +1 mace of protection
              (5 damage)
             ... on level 3 of the Dungeon.
             The game lasted 00:05:41 (2037 turns).

hawla the Changeling (Merfolk Shapeshifter)         Turns: 2037, Time: 00:05:42

Health: -3/37      AC:  4    Str: 15 (16) XL:     5   Next: 64%
Magic:  5/5        EV: 16    Int:  7 (9)  God:
Gold:   400        SH:  0    Dex: 11 (14) Spells: 4/4 levels left

rFire   . .          .
                       - Unarmed
rCold   . . .        (shield currently unavailable)
rNeg    . . .        a - melded +0 animal skin
rPois   .            (no helmet)
rElec   .            f - +0 cloak {rCorr}
rCorr   +            (no gloves)
SInv    .            i - +2 pair of boots
Will    +....        (no amulet)
Stlth   +            g - ring of willpower
HPRegen 0.26/turn    (no ring)
MPRegen 0.09/turn

%: no passive effects
@: about to teleport, flux-form, attractive, glowing
A: glow, contaminating, (nimble swimmer 2), mertail
a: Begin Untransformation


You were on level 3 of the Dungeon.
You were something dangerously unstable.
You visited 1 branch of the dungeon, and saw 3 of its levels.

You collected 730 gold pieces.
You spent 330 gold pieces at shops.

Inventory:

Armour
 a - a +0 animal skin (melded)
 f - a +0 cloak of preservation (worn)
 i - a +2 pair of boots (worn)
Jewellery
 g - a ring of willpower (left hand)
Talismans
 c - a beast talisman
 d - a flux talisman (active)
Scrolls
 l - a scroll of fear {unknown}
Potions
 h - a potion of invisibility


   Skills:
 + Level 1.2 Fighting
 + Level 2.7 Dodging
 + Level 0.2 Stealth
 + Level 3.8 Unarmed Combat
 + Level 7.1 Shapeshifting


You had 4 spell levels left.
You didn't know any spells.
Your spell library contained the following spells:

 Spells                   Type           Power      Damage    Failure   Level
 Gell's Gravitas          Tloc           0%         N/A       80%         3
 Teleport Other           Tloc           0%         N/A       80%         3
 Dispersal                Tloc           0%         N/A       100%        6


Dungeon Overview and Level Annotations

Branches:
Dungeon (3/15)

Altars:

Shops:
D:2 [


Innate Abilities, Weirdness & Mutations

You are something dangerously unstable.
You glow with magical radiation, making you easy to see and hit.
Foes you strike become dangerously contaminated with magical radiation.
You are incapable of wielding weapons or throwing items.
((You are very nimble when in or above water. (Stealth+, EV+, Speed+++)))
Your lower body shifts to a powerful aquatic tail in water.


Message History

The orc wizard gestures wildly while chanting.
The orc wizard flickers and vanishes for a moment.
You hit the orc wizard but do no damage.
The orc wizard shudders as magic cascades through it!!
You kill the orc wizard!
Reactivating autopickup.
The orc barely misses you. The orc hits you but does no damage.
You hit the orc.
The orc begins to glow.
The orc is heavily wounded.
The orc hits you with a +1 mace of protection.
The orc barely misses you. Something hits you.
Deactivating autopickup; reactivate with Ctrl-A.
You are too injured to fight recklessly!
You are too injured to fight recklessly!
You miss something. The orc closely misses you. Something barely misses you.
The orc barely misses you.
You miss something. The orc hits you but does no damage.
The orc closely misses you. Something hits you.
You miss something.
The orc hits you with a +1 mace of protection.
* * * LOW HITPOINT WARNING * * *
The orc barely misses you. Something closely misses you.
It was a potion of attraction.
You feel attractive to monsters. The orc closely misses you.
The orc hits you with a +0 short sword.
* * * LOW HITPOINT WARNING * * *
Something hits you.
* * * LOW HITPOINT WARNING * * *
As you read the scroll labelled HEQEFYITEE, it crumbles to dust.
You feel strangely unstable.
It was a scroll of teleportation.
The quokka bites you.
* * * LOW HITPOINT WARNING * * *
The orc misses you. The orc closely misses you.
Something hits you but does no damage.
It was a potion of degeneration.
There was something very wrong with that liquid.
You feel weakened.
You feel dopey.
You feel clumsy. The quokka closely misses you.
The orc hits you with a +1 mace of protection.
You die...

### ... .. ## ...
. #.. ..###..#. #
#.. #.......# #
#.. ..#... .
#.##..<#### ..
##.oo.#..... . ..
#..{p...###... ..
#...#r..?.......
.. ... ##...!#####
.. #
####....##..#. ..
##.#....... ...
#####.###.........
...#......##>....
#.#..#..###.....
#...............


You could see 2 orcs and a quokka.

Vanquished Creatures
  A bombardier beetle (D:3)
  An orc priest (D:3)
  An orc wizard (D:3)
  An adder (D:2)
  A ribbon worm (D:2)
  A dart slug (D:1)
  11 orcs (D:3)
  7 ball pythons
  4 endoplasms
  2 giant cockroaches (D:3)
  7 goblins
  8 hobgoblins
  3 quokkas
  8 bats
  4 kobolds
  8 rats
68 creatures vanquished.

Notes
Turn   | Place    | Note
-------+----------+-------------------------------------------
     0 | D:1      | hawla the Merfolk Shapeshifter began the quest for the Orb.
     0 | D:1      | Reached XP level 1. HP: 15/15 MP: 1/1
   154 | D:1      | Reached XP level 2. HP: 21/21 MP: 2/2
   370 | D:1      | Reached skill level 5 in Shapeshifting
   671 | D:1      | Reached XP level 3. HP: 25/26 MP: 3/3
   767 | D:2      | Identified a scroll of acquirement
   767 | D:2      | Acquired 587 gold pieces
   777 | D:2      | Found Piledumm's Antique Armour Shoppe.
   789 | D:2      | Bought a runed cloak for 165 gold pieces
   789 | D:2      | Bought a pair of runed boots for 165 gold pieces
  1065 | D:2      | Identified the +6 leather armour "Ziacon" {*Slow rF- Int+8
                  | SInv}
  1477 | D:3      | Reached XP level 4. HP: 29/32 MP: 4/4
  1486 | D:3      | Reached skill level 6 in Shapeshifting
  1707 | D:3      | Reached XP level 5. HP: 22/37 MP: 5/5
  1805 | D:3      | Reached skill level 7 in Shapeshifting
  2036 | D:3      | HP: 1/37 [quokka (3)]
  2037 | D:3      | Slain by an orc

Illustrated notes

Levels and vault maps discovered:
D:1:      onia_arrival_mini_maze, layout_loops_ring
D:2:      layout_basic, serial_shops, shop, hex_tiny, minmay_misc_feat_pillars
D:3:      cheibrodos_old_hovel, layout_rooms, serial_bayou_pond_e,
          grunt_ministairs_6, minmay_misc_feat_diagonals

Skill      XL: |  1  2  3  4  5 |
---------------+----------------+-----
Shapeshifting  | 5 6 7 |  7.1
Fighting       | |  1.2
Dodging        | |  2.7
Stealth        | |  0.2
Unarmed Combat | |  3.8

Action                     |  1- 3 |  4- 6 || total
---------------------------+-------+-------++-------
  Melee: Unarmed           |    96 |    83 ||   179
         Punch             |     1 |     1 ||     2
Ability: Begin Untransform |       |     1 ||     1
    Use: Scroll            |     3 |     2 ||     5
         Potion            |       |     5 ||     5
   Stab: Sleeping          |     1 |     1 ||     2
         Distracted        |       |     1 ||     1
 Armour: Animal skin       |    51 |    34 ||    85
         Skin              |       |    19 ||    19
  Dodge: Dodged            |    61 |    49 ||   110
   Form: Flux              |       |     1 ||     1
